Unix NetHack Version 5.0.0-0 post-release - last build May 10 2026 23:12:36 (d1fa5d53e341ca933230fdaa984d921c805b60aa,branch:main).

Game began 2026-05-12 20:34:02, ended 2026-05-12 20:48:40.

DrabEmordnilap, neutral female human Tourist

   ----     ----                    ----                        ---
   |..--    |..-----         ---    |..--------              ----.--
   |...|    |...--.--   ------.--   |...|.--..--------      --.|...| -----
   --..|    |.......-----...`...--  --...............-- -----......---...|
 ---|.--    |....................--- ---.|....------..---................|
 |..|.|     |..........----........-----.|-...|    --....................--
 |....---   |.....----....---..|)d.......h---.|    ---....................|
 ---....|   |.....|------..------@).G-----  |.--  --.....................--
   |...--  --...--|..-- --..|   ---.--      |..-- |......................|
   |...|  --..|.|--...-- |..---   ---       |...--|......................|
   |..-- --..-|.||.....--|....---           --...|---....................|
   --.| --..---.---.....---.....---          --..|  |....................--
    |.--|..-||...|----...--.......---         |..|  --...---..............----
    |...|...||...|   |-.............|         ----   -------.................--
    ---.|...|--..|  --..............--                   --..........----.....|
      |....-- |..|  |................|             ---  --..|........|  --...--
      |....|  |..| --........>.......---          --.----..---..------  --...|
      |...--  |..| |...........---.--..|          |.......-- |..|      --....|
      ---.|   ---- --........--- ---|..|          --.------  ----      |....--
        ---         ----------      ----           ---                 ------

DrabEmordnilap the Rambler  St:15 Dx:12 Co:13 In:13 Wi:10 Ch:15  Neutral
Dlvl:3  $:795 HP:0(10) Pw:1(1) AC:10 Xp:1/9 T:1062 

Latest messages:
 You swap places with your little dog.
 You swap places with your little dog.
 You swap places with your little dog.
 You stop.  Your little dog is in the way!
 Really step onto that rolling boulder trap? [yn] (n) y
 Click!  You trigger a rolling boulder trap!
 No boulder was released.
 You stop.  Your little dog is in the way!
 You swap places with your little dog.
 You descend the stairs.
 What do you want to read? [hinr-v or ?*] ?
 As you read the scroll, it disappears.
 A map coalesces in your mind!
 You swap places with your little dog.
 You hear crashing rock.
 Pick a monster, object or location.
 The little dog bites the gnome.
 The gnome misses the little dog.
 The little dog bites the gnome.
 The little dog misses the gnome.
 The little dog misses the gnome.
 The little dog bites the gnome.
 The gnome misses the little dog.
 The little dog bites the gnome.
 The gnome is killed!
 You hear crashing rock.
 The little dog bites the gnome.
 The gnome hits the little dog.
 x - a candle.
 The little dog misses the gnome.
 The little dog bites the gnome.
 The gnome is killed!
 You see here a red gem.
 y - a red gem.
 Your little dog eats a gnome corpse.
 With great effort you move the boulder.
 The gnome lord zaps an iridium wand!
 The wand misses you.
 The gnome shoots 2 crossbow bolts!
 You are hit by the 1st crossbow bolt.
 The 2nd crossbow bolt misses you.
 The gnome shoots 2 crossbow bolts!
 You are hit by the 1st crossbow bolt!
 You are hit by the 2nd crossbow bolt.
 You die...
 Do you want your possessions identified? [ynq] (y) y
 Do you want to see your attributes? [ynq] (y) y
 Do you want an account of creatures vanquished? [ynaq] (y) y
 Do you want to see your conduct and achievements? [ynq] (y) y
 Do you want to see the dungeon overview? [ynq] (y) y

Inventory:
 Coins    ('$')
  $ - 795 gold pieces
 Weapons  (')')
  a - 37 +2 darts (at the ready)
 Armor    ('[')
  j - a blessed +0 Hawaiian shirt with a jellyfish motif (being worn)
 Comestibles  ('%')
  q - an uncursed cram ration
  c - 5 uncursed food rations
  f - an uncursed pancake
  e - an uncursed tin of french fried newt meat
  b - 2 uncursed tins of spinach
  o - 2 uncursed lichen corpses
 Scrolls  ('?')
  s - an uncursed scroll of amnesia
  u - an uncursed scroll of create monster
  n - an uncursed scroll of enchant weapon
  t - an uncursed scroll of gold detection
  h - 3 uncursed scrolls of magic mapping
  v - a cursed scroll of remove curse
  r - an uncursed scroll of teleportation
 Potions  ('!')
  p - an uncursed potion of confusion
  g - 2 uncursed potions of extra healing
 Tools    ('(')
  l - an uncursed credit card
  k - an expensive camera (0:93)
  x - an uncursed tallow candle
 Gems/Stones  ('*')
  y - an uncursed worthless piece of red glass
  m - 2 uncursed worthless pieces of yellow glass

DrabEmordnilap the Tourist's attributes:

Background:
 You were a Rambler, a level 1 female human Tourist.
 You were neutral, nominally on a mission for The Lady
 who was opposed by Blind Io (lawful) and Offler (chaotic).
 You were right-handed.
 You were in the Gnomish Mines, on level 3.
 You entered the dungeon 1062 turns ago.
 You had 9 experience points, 11 more were needed to attain level 2.

Basics:
 You had 0 out of 10 hit points.
 You had 1 out of 1 energy points (spell power).
 Your armor class was 10.
 Your wallet contained 795 zorkmids.
 Autopickup was off.

Final Characteristics:
 Your strength was 15 (limit:18/100).
 Your dexterity was 12 (limit:18).
 Your constitution was 13 (limit:18).
 Your intelligence was 13 (limit:18).
 Your wisdom was 10 (limit:18).
 Your charisma was 15 (limit:18).

Final Status:
 You weren't hungry.
 You were unencumbered.
 You were bare handed.
 You were unskilled in bare handed combat.

Final Attributes:
 You were nominally aligned.
 You are dead.

Miscellaneous:
 You didn't encounter any bones levels.
 Total elapsed playing time was 14 minutes and 35 seconds.

Major events:
 Turn
    1: DrabEmordnilap the neutral female human Tourist entered the dungeon
  424: entered the Gnomish Mines
 1062: killed by a crossbow bolt

You didn't know any spells.

Skills:
 Fighting Skills
   bare handed combat [Unskilled]
   two weapon combat  [Unskilled]
   riding             [Unskilled]
 Weapon Skills
   dagger             [Unskilled]
   knife              [Unskilled]
   axe                [Unskilled]
   pick-axe           [Unskilled]
   short sword        [Unskilled]
   broadsword         [Unskilled]
   long sword         [Unskilled]
   two-handed sword   [Unskilled]
   saber              [Unskilled]
   mace               [Unskilled]
   morning star       [Unskilled]
   flail              [Unskilled]
   hammer             [Unskilled]
   quarterstaff       [Unskilled]
   polearms           [Unskilled]
   spear              [Unskilled]
   trident            [Unskilled]
   lance              [Unskilled]
   bow                [Unskilled]
   sling              [Unskilled]
   crossbow           [Unskilled]
   dart               [Basic]
   shuriken           [Unskilled]
   boomerang          [Unskilled]
   whip               [Unskilled]
   unicorn horn       [Unskilled]
 Spellcasting Skills
   divination spells  [Unskilled]
   enchantment spells [Unskilled]
   escape spells      [Unskilled]

Voluntary challenges:
 Character rerolling was not enabled.
 You followed a strict vegan diet.
 You were an atheist.
 You never hit with a wielded weapon.
 You never genocided any monsters.
 You never polymorphed an object.
 You never changed form.
 You used no wishes.
Achievements:
 You entered the Gnomish Mines.
 You entered a shop.

 The Dungeons of Doom: levels 1 to 3
    Level 1:
       A fountain.
    Level 2:
       A scroll shop.
       Stairs down to The Gnomish Mines.
    Level 3:
 The Gnomish Mines:
    Level 3: <- You were here.
       Final resting place for
          you, killed by a crossbow bolt.


Vanquished creatures:
  2 gnomes
  8 jackals
  2 kobolds
  a sewer rat
  2 lichens
  a newt
16 creatures vanquished.

No species were genocided or became extinct.

Game over:
                       ----------
                      /          \
                     /    REST    \
                    /      IN      \
                   /     PEACE      \
                  /                  \
                  |  DrabEmordnilap  |
                  |      795 Au      |
                  |   killed by a    |
                  |  crossbow bolt   |
                  |                  |
                  |                  |
                  |       2026       |
                 *|     *  *  *      | *
        _________)/\\_//(\/(/\)/\//\/|_)_______

Aloha DrabEmordnilap the Tourist...

You died in The Gnomish Mines on dungeon level 3 with 155 points,
and 795 pieces of gold, after 1062 moves.
You were level 1 with a maximum of 10 hit points when you died.

